Map: Flooded City

Players

AvengerLim - Winner!

  • Race: Protoss Protoss
  • League: Gold
  • Spawn Location: 6:00

leonation - Winner!

  • Race: Zerg Zerg
  • League: Silver
  • Spawn Location: 6:00

SwarmRA

  • Race: Protoss Protoss
  • League: Diamond
  • Spawn Location: 12:00

Infamous

  • Race: Protoss Protoss
  • League: Silver
  • Spawn Location: 12:00

VOD

Have the link to the VOD?

Description

Time

  • Played on: March 19, 2018, 11:50 a.m.
  • Length: 16:18
Show
View Real Time Build Order
Export as new Build Order

AvengerLim Protoss - Winner!

Build Orders: Phoenix Opening 

Get SALT Encoding   

  12  0:03  Probe  
  13  0:15  Probe  
  13  0:18  Pylon  
  14  0:28  Probe  
  15  0:39  Gateway  
  15  0:41  Probe  
  16  0:46  Assimilator  
  16  0:53  Probe  
  17  1:05  Probe  
  18  1:17  Probe, Assimilator  
  19  1:26  Cybernetics Core  
  19  1:29  Probe  
  20  1:41  Probe  
  21  1:54  Probe  
  22  2:06  Probe  
  23  2:11  Nexus  
  23  2:16  Stargate  
  23  2:27  Pylon  
  23  2:35  Stargate  
  23  2:44  Assimilator  
  23  2:45  Probe  
  24  2:57  Probe  
  25  3:00  Phoenix  
  27  3:09  Probe  
  28  3:21  Probe, Forge  
  28  3:23  Phoenix  
  28  3:26  Phoenix  
  33  3:30  Probe  
  34  3:35  Probe  
  35  3:48  Phoenix  
  35  3:53  Phoenix  
  35  3:54  Probe  
  40  3:58  Probe  
  41  4:09  Probe  
  42  4:12  Probe  
  42  4:13  Phoenix  
  45  4:17  Pylon  
  45  4:21  Assimilator  
  45  4:24  Probe  
  45  4:31  Probe (Chrono Boost)  
  39  4:43  Probe (Chrono Boost)  
  40  4:49  Probe (Chrono Boost)  
  41  4:57  Probe  
  42  5:09  Probe  
  41  5:42  Void Ray x2  
  49  5:44  Probe  
  49  5:48  Probe  
  51  5:54  Pylon  
  51  5:56  Probe  
  52  5:59  Photon Cannon  
  52  6:00  Probe  
  52  6:03  Photon Cannon  
  53  6:05  Photon Cannon  
  53  6:09  Probe  
  54  6:12  Probe  
  54  6:13  Photon Cannon  
  54  6:16  Photon Cannon  
  55  6:21  Photon Cannon  
  55  6:25  Probe  
  56  6:28  Pylon  
  56  6:33  Protoss Air Weapons Level 1  
  56  6:37  Probe  
  57  6:41  Void Ray  
  61  6:57  Probe  
  62  7:08  Void Ray  
  62  7:09  Probe  
  67  7:21  Probe  
  60  7:54  Void Ray x2  
  60  7:57  Protoss Shields Level 1  
  68  8:04  Stargate  
  68  8:07  Pylon  
  68  8:10  Fleet Beacon  
  68  8:16  Probe  
  68  8:19  Photon Cannon  
  69  8:27  Protoss Air Armor Level 1  
  69  8:28  Probe  
  70  8:36  Stargate  
  70  8:37  Void Ray x2  
  70  8:39  Pylon  
  78  8:50  Nexus  
  78  8:53  Assimilator  
  78  8:55  Pylon  
  78  8:59  Assimilator  
  78  9:00  Pylon  
  78  9:09  Graviton Catapult  
  78  9:11  Void Ray  
  82  9:19  Carrier, Void Ray  
  93  9:31  Probe  
  93  9:40  Nexus  
  93  9:43  Probe  
  94  9:45  Pylon  
  94  9:49  Pylon  
  94  9:55  Probe  
  94  9:57  Void Ray  
  99  10:04  Probe  
  100  10:14  Stargate  
  100  10:16  Probe, Twilight Council  
  100  10:19  Pylon  
  101  10:25  Photon Cannon  
  102  10:28  Probe, Photon Cannon  
  102  10:33  Photon Cannon  
  102  10:36  Photon Cannon  
  102  10:46  Probe  
  103  10:50  Photon Cannon  
  103  10:54  Photon Cannon  
  103  10:57  Photon Cannon  
  103  10:58  Probe  
  103  11:02  Probe  
  105  11:08  Photon Cannon  
  105  11:10  Probe  
  106  11:11  Photon Cannon  
  106  11:14  Probe, Photon Cannon  
  106  11:17  Assimilator  
  107  11:21  Assimilator  
  107  11:26  Probe  
  107  11:30  Carrier  
  114  11:34  Carrier  
  120  11:44  Carrier  
  121  12:11  Probe  
  118  12:28  Photon Cannon  
  118  12:30  Photon Cannon  
  118  12:33  Photon Cannon  
  118  12:38  Carrier  
  118  12:39  Carrier  
  118  12:41  Protoss Air Weapons Level 2  
  118  12:43  Protoss Shields Level 2  
  130  12:50  Cybernetics Core  
  130  12:56  Carrier  
  130  12:57  Stargate  
  136  12:59  Pylon, Photon Cannon  
  136  13:02  Pylon  
  136  13:04  Carrier, Photon Cannon  
  142  13:06  Pylon  
  142  13:17  Mothership  
  150  13:26  Carrier  
  156  13:29  Protoss Air Armor Level 2  
  156  13:50  Carrier  
  162  14:05  Carrier  
  168  14:14  Carrier  
  174  14:28  Carrier  
  180  14:38  Pylon  
  180  14:39  Pylon  
  180  14:40  Photon Cannon  
  180  14:59  Nexus  
  192  15:06  Assimilator  
  192  15:09  Assimilator  
Show
View Real Time Build Order
Export as new Build Order

leonation Zerg - Winner!

Build Orders: Pool First 

Get SALT Encoding   

  12  0:22  Drone x2  
  12  0:24  Extractor  
  12  0:26  Extractor  
  12  0:27  Drone  
  13  0:33  Drone  
  16  0:44  Overlord  
  16  1:15  Spawning Pool  
  16  1:16  Hatchery  
  16  1:17  Drone x2  
  16  1:18  Drone  
  17  1:24  Extractor  
  16  1:28  Drone  
  17  1:39  Drone  
  18  2:02  Queen  
  20  2:11  Spine Crawler  
  20  2:13  Drone x3, Spine Crawler  
  21  2:30  Overlord  
  21  2:39  Drone x2  
  23  2:46  Lair  
  23  2:50  Drone  
  24  2:53  Drone x2  
  24  2:58  Drone, Extractor  
  26  3:07  Queen  
  28  3:14  Spine Crawler  
  28  3:19  Spine Crawler  
  26  3:29  Drone x3  
  29  3:35  Drone  
  29  3:36  Drone  
  29  3:38  Drone  
  32  3:49  Spore Crawler  
  31  3:57  Spire  
  30  4:05  Drone x3  
  30  4:08  Drone  
  34  4:10  Drone  
  34  4:13  Drone  
  36  4:23  Extractor  
  36  4:24  Extractor  
  34  4:44  Drone x2  
  36  4:46  Overlord x4  
  36  5:06  Drone  
  36  5:07  Drone x4  
  39  5:13  Spore Crawler  
  40  5:22  Drone  
  40  5:23  Drone x6  
  47  5:34  Zerg Flyer Armor Level 1  
  47  5:49  Mutalisk x2  
  47  5:50  Mutalisk x2  
  47  5:53  Mutalisk  
  47  5:56  Mutalisk  
  59  6:02  Drone x2  
  61  6:16  Mutalisk x3  
  67  6:23  Overlord x3  
  67  6:48  Mutalisk x2  
  67  6:49  Mutalisk x3  
  77  7:05  Mutalisk x2  
  81  7:28  Zerg Flyer Weapons Level 1  
  81  7:40  Hatchery  
  72  8:35  Mutalisk x4  
  72  8:36  Mutalisk x5  
  82  9:14  Drone x5  
  82  9:15  Drone x3  
  90  9:17  Drone x3  
  93  9:58  Extractor  
  92  10:01  Drone x3  
  92  10:02  Extractor  
  92  10:04  Overlord x6  
  92  10:05  Overlord x3  
  94  10:11  Hatchery  
  83  10:57  Mutalisk x7  
  83  10:58  Mutalisk x8  
  107  11:58  Extractor  
  106  12:03  Extractor  
  99  12:55  Mutalisk x4  
  99  12:56  Mutalisk x10  
  99  12:57  Mutalisk x3  
  125  13:41  Zerg Flyer Armor Level 2  
  117  15:03  Mutalisk x2  
  117  15:04  Mutalisk x7  
Show
View Real Time Build Order
Export as new Build Order

SwarmRA Protoss 

Build Orders: Oracle Opening 

Get SALT Encoding   

  12  0:01  Probe  
  13  0:13  Probe  
  14  0:19  Pylon  
  14  0:25  Probe  
  15  0:37  Probe  
  15  0:41  Gateway  
  16  0:49  Probe  
  17  0:51  Assimilator  
  17  0:58  Pylon  
  17  1:01  Probe (Chrono Boost)  
  18  1:13  Probe (Chrono Boost)  
  19  1:18  Probe (Chrono Boost)  
  20  1:29  Cybernetics Core  
  20  1:35  Assimilator  
  20  1:49  Probe  
  21  2:00  Pylon  
  21  2:01  Probe  
  21  2:06  Stalker (Chrono Boost)  
  21  2:07  Warp Gate  
  22  2:14  Probe  
  25  2:26  Probe  
  25  2:28  Stalker  
  28  2:41  Probe, Stargate  
  29  2:56  Pylon, Forge  
  29  3:02  Stalker  
  31  3:07  Probe  
  32  3:23  Oracle (Chrono Boost)  
  35  3:39  Photon Cannon  
  35  3:44  Photon Cannon  
  35  3:47  Stalker  
  37  3:52  Oracle  
  37  3:53  Probe  
  41  4:19  Pylon  
  41  4:23  Pylon  
  41  4:43  Phoenix  
  41  4:44  Stalker  
  42  4:45  Probe  
  43  4:54  Gateway x2  
  43  4:56  Gateway  
  43  4:57  Gateway  
  43  5:00  Gateway  
  39  5:30  Pylon  
  39  5:35  Phoenix  
  38  5:43  Probe  
  39  5:55  Probe  
  40  6:08  Nexus  
  40  6:14  Photon Cannon  
  40  6:20  Phoenix  
  40  6:22  Photon Cannon  
  42  6:33  Assimilator  
  42  6:37  Assimilator  
  42  6:40  Probe  
  43  6:50  Stargate x2  
  43  6:52  Probe (Chrono Boost)  
  45  7:02  Probe (Chrono Boost)  
  45  7:03  Protoss Air Weapons Level 1 (Chrono Boost)  
  45  7:07  Probe (Chrono Boost)  
  46  7:18  Probe  
  46  7:31  Probe (Chrono Boost)  
  46  7:32  Probe (Chrono Boost)  
  48  7:37  Photon Cannon  
  48  7:41  Probe x2 (Chrono Boost)  
  50  7:46  Probe x2 (Chrono Boost)  
  46  8:01  Stalker x3  
  46  8:02  Stalker  
  41  8:06  Stalker  
  41  8:11  Stalker  
  28  8:29  Probe x2  
  30  8:41  Probe x2  
  30  8:46  Stalker x2  
  30  8:48  Stalker x2  
  39  8:53  Probe  
  40  9:10  Probe x2  
  42  9:17  Pylon  
  42  9:22  Probe  
  43  9:24  Phoenix x2  
  43  9:27  Phoenix  
  49  9:33  Pylon  
  49  9:52  Phoenix x2  
  51  9:55  Phoenix  
  55  10:15  Pylon  
  55  10:16  Nexus  
  55  10:22  Phoenix  
  46  10:48  Phoenix (Chrono Boost)  
  46  10:49  Phoenix (Chrono Boost)  
  46  11:09  Probe, Phoenix (Chrono Boost)  
  46  11:32  Phoenix  
  48  11:45  Probe x3  
  51  11:52  Pylon  
  51  12:14  Phoenix x2 (Chrono Boost)  
  51  12:15  Phoenix (Chrono Boost)  
  45  12:25  Probe x3  
  37  12:49  Probe  
  37  12:50  Probe x2  
  40  13:15  Phoenix x2 (Chrono Boost)  
  44  13:20  Probe x3  
  47  13:32  Probe  
  48  13:35  Phoenix (Chrono Boost)  
  48  13:38  Phoenix (Chrono Boost)  
  52  13:46  Phoenix (Chrono Boost)  
  54  13:51  Probe  
  54  13:52  Probe  
  54  13:53  Probe  
  49  14:12  Phoenix  
  32  14:58  Phoenix x2 (Chrono Boost)  
  32  14:59  Phoenix (Chrono Boost)  
  38  15:05  Probe  
  38  15:06  Probe  
  40  15:15  Phoenix (Chrono Boost)  
  42  15:52  Phoenix  
Show
View Real Time Build Order
Export as new Build Order

Infamous Protoss 

Build Orders:  

Get SALT Encoding   

  12  0:01  Probe  
  13  0:14  Probe  
  14  0:26  Pylon  
  14  0:27  Probe  
  15  0:44  Probe (Chrono Boost), Assimilator  
  16  0:54  Probe (Chrono Boost)  
  16  0:56  Gateway  
  17  0:59  Probe (Chrono Boost)  
  19  1:11  Probe (Chrono Boost)  
  19  1:19  Probe (Chrono Boost)  
  19  1:25  Pylon  
  20  1:34  Assimilator  
  20  1:43  Probe  
  20  1:55  Probe  
  20  1:59  Cybernetics Core  
  21  2:04  Zealot (Chrono Boost)  
  23  2:09  Probe  
  24  2:24  Probe  
  25  2:37  Probe  
  25  2:38  Warp Gate (Chrono Boost), Robotics Facility  
  25  2:40  Sentry  
  28  2:50  Pylon  
  28  2:51  Probe  
  28  2:55  Pylon  
  29  3:08  Forge  
  29  3:12  Probe  
  30  3:15  Twilight Council  
  30  3:20  Gateway  
  30  3:22  Gateway  
  30  3:24  Probe  
  31  3:30  Adept  
  33  3:48  Shield Battery  
  33  3:49  Observer  
  33  3:51  Pylon  
  33  3:53  Charge  
  34  3:55  Pylon  
  34  4:02  Protoss Ground Weapons Level 1 (Chrono Boost)  
  34  4:03  Probe  
  35  4:15  Probe  
  35  4:16  Immortal  
  40  4:27  Probe  
  41  4:42  Gateway  
  41  4:49  Probe, Photon Cannon  
  41  4:50  Stalker  
  41  4:51  Zealot  
  46  4:53  Sentry  
  43  5:14  Stalker x2  
  45  5:19  Photon Cannon  
  47  5:24  Sentry  
  49  5:40  Stalker x2  
  52  5:51  Stalker  
  52  5:52  Protoss Ground Armor Level 1 (Chrono Boost)  
  52  5:53  Probe  
  55  6:21  Probe  
  56  6:25  Stalker  
  56  6:26  Stalker x2  
  62  6:46  Probe  
  63  7:00  Templar Archives  
  62  7:23  Probe  
  62  7:38  Nexus  
  62  7:43  Photon Cannon  
  60  7:44  Probe  
  60  7:45  Photon Cannon, Psionic Storm  
  60  7:49  Photon Cannon  
  61  7:51  Stalker  
  63  8:07  Pylon  
  63  8:25  Probe  
  63  8:26  Sentry  
  66  8:36  Zealot  
  66  8:37  Probe  
  66  8:38  High Templar  
  71  8:50  Probe  
  72  8:57  Stalker  
  72  8:59  Sentry  
  72  9:02  Probe  
  75  9:12  Probe  
  75  9:14  Probe  
  77  9:20  High Templar  
  79  9:34  Probe  
  80  9:40  Probe, Assimilator  
  80  9:44  Assimilator  
  81  9:46  Probe  
  81  9:49  High Templar  
  84  10:05  Gateway  
  84  10:07  Gateway, Protoss Ground Armor Level 2 (Chrono Boost)  
  84  10:08  Probe x2  
  84  10:10  Gateway  
  86  10:24  Forge  
  86  10:51  Pylon  
  86  10:54  Pylon  
  86  11:01  Pylon  
  86  11:04  Warp Prism  
  86  11:09  Probe x2  
  90  11:17  Stalker  
  90  11:18  Stalker x5  
  102  11:31  Probe x2  
  104  11:34  Protoss Ground Weapons Level 2 (Chrono Boost)  
  104  11:45  High Templar x2  
  108  11:47  Zealot  
  66  12:18  Stalker x4  
  66  12:19  Stalker x3  
  70  12:32  Probe x2  
  72  12:42  Pylon  
  72  12:43  High Templar x2  
  72  12:44  Probe  
  77  12:51  Warp Prism  
  77  12:54  Probe  
  77  12:56  Probe  
  81  12:59  Protoss Shields Level 1 (Chrono Boost)  
  81  13:04  Zealot  
  81  13:05  Zealot x4  
  91  13:27  High Templar x2  
  95  13:51  High Templar  
  95  13:52  High Templar  
  95  13:54  Zealot  
  101  13:55  Zealot  
  101  13:56  Zealot  
  101  13:57  Nexus  
  101  13:58  Assimilator  
  101  13:59  Pylon  
  105  14:02  Assimilator  
  105  14:04  Archon x2  
  105  14:05  Archon  
  105  14:20  Stalker  
  105  14:21  Stalker x3  
  105  14:22  Stalker  
  110  14:56  High Templar x3  
  104  15:24  Stalker  
  104  15:25  Stalker x3  
  112  15:33  Probe x2  
  114  15:36  Probe  
  115  15:47  Photon Cannon  
  115  15:49  Photon Cannon  
  75  15:53  Pylon  
  35  16:09  Stalker x2  
  35  16:10  Stalker x5  
Tags
 
Add a new tag
Caveats
  • Supply blocks, unpowered buildings, or Contaminate may cause inaccurate times.
  • Supply counts are checked every 10 seconds.